 Dungeon Crawl Stone Soup version 0.31-a0-175-g9f7f995f2b (webtiles) character file.

Game seed: 9593819606311837766

44 qw the Shooter (level 3, -6/32 HPs)
             Began as a Naga Hunter on June 17, 2023.
             Mangled by Sigmund
             ... wielding a +0 scythe
              (10 damage)
             ... on level 2 of the Dungeon.
             The game lasted 00:00:18 (640 turns).

qw the Shooter (Naga Hunter)                         Turns: 640, Time: 00:00:18

Health: -6/32      AC:  5    Str: 13    XL:     3   Next: 60%
Magic:  3/3        EV:  9    Int:  9    God:
Gold:   12         SH:  0    Dex: 16    Spells: 2/2 levels left

rFire   . . .        Y - +1 shortbow
rCold   . . .        (shield currently unavailable)
rNeg    + . .        c - +0 leather armour
rPois   +            f - +0 helmet
rElec   .            (no cloak)
rCorr   .            g - +1 pair of gloves
SInv    +            (no barding)
Will    .....        (no amulet)
Stlth   +            h - ring of positive energy
HPRegen 0.25/turn    (no ring)
MPRegen 0.08/turn

%: no passive effects
@: confused, slowed, very slow
A: AC +1, large, see invisible, deformed body, poison resistance, slowness 2,
spit poison 1, naga tail 1
a: Spit Poison


You were on level 2 of the Dungeon.
You visited 1 branch of the dungeon, and saw 2 of its levels.

You collected 68 gold pieces.
You spent 56 gold pieces at shops.


Innate Abilities, Weirdness & Mutations

Your serpentine skin is tough. (AC +1)
You have supernaturally acute eyesight. (SInv)
Armour fits poorly on your strangely shaped body.
Your system is resistant to poisons. (rPois)
You cover ground very slowly.
You can spit poison.
You have a snake-like lower body.


   Skills:
 - Level 2.0 Fighting
 + Level 4.8 Ranged Weapons
 - Level 1.5 Dodging
 - Level 1.5 Stealth


You had 2 spell levels left.
You didn't know any spells.
Your spell library was empty.

Inventory:

Hand Weapons
 Y - a +1 shortbow (weapon)
Armour
 c - a +0 leather armour (worn)
 f - a +0 helmet (worn)
 g - a +1 pair of gloves (worn)
Jewellery
 h - a ring of positive energy (left hand)
Scrolls
 j - a scroll of identify
Potions
 i - a potion of attraction {unknown}

Dungeon Overview and Level Annotations

Branches:
Dungeon (2/15)

Altars:

Shops:
D:1 ([??=

Annotations:
D:2 Sigmund


Message History

You have got your breath back.
You kill Natasha!
Natasha growls in agony!
Sigmund barely misses you.
You have reached level 3!
Your experience leads to an increase in your attributes!
Increase (S)trength, (I)ntelligence, or (D)exterity?
You feel agile. x2; Your skin feels tougher.
628 ||| INVOKING Spit Poison.
Aiming: Spit Poison (2% risk of failure)
Press: ? - help, Shift-Dir - straight line, f - Sigmund The splash of poison misses Sigmund.
Sigmund gestures at you while chanting. You resist with some effort.
You shoot an arrow. The arrow hits Sigmund.
Sigmund is moderately wounded.
Sigmund hits you from afar with a +0 scythe!
You shoot an arrow. The arrow hits Sigmund!
Sigmund is heavily wounded.
Sigmund hits you from afar with a +0 scythe!
Sigmund looks at you with fury. Sigmund barely misses you.
You have got your breath back.
Sigmund casts a spell at you. The puff of flame hits you.
Sigmund gestures at you while chanting.
You are confused.
Sigmund casts a spell at you.
You are more confused.
Sigmund points at you and mumbles some strange words.
The puff of flame hits you! Sigmund casts a spell at you.
You resist with some effort. Sigmund barely misses you.
Sigmund barely misses you. Sigmund barely misses you.
Sigmund hits you but does no damage.
Sigmund hits you from afar with a +0 scythe.
Sigmund hits you from afar with a +0 scythe!
You die...

######## #......# ###
#.###..# .>
###.##.#.##.#
##.#.#.###.#%####
##.....#####.....##
#...<.#..@.@......#
.........##..#.#.#.#.#
######.#.............#
#.#####.#.#.#.#... #.
#.........## #+
#.#.#.#.#.#
..........#
.#.#.#.#.#.#


You could see Sigmund.

Vanquished Creatures
  Natasha (D:2)
  A dart slug (D:1)
  3 bats (D:1)
  2 endoplasms (D:1)
  A goblin (D:1)
  2 hobgoblins (D:1)
  3 quokkas (D:1)
  A ball python (D:1)
  A kobold (D:1)
  2 rats (D:1)
17 creatures vanquished.

Notes
Turn   | Place    | Note
-------+----------+-------------------------------------------
     0 | D:1      | qw the Naga Hunter began the quest for the Orb.
     0 | D:1      | Reached XP level 1. HP: 19/19 MP: 1/1
     0 | D:1      | 0 ||| qw: Version: 0.3-a-2-g5ab2908
     0 | D:1      | 0 ||| qw: Game counter: 269
     0 | D:1      | 0 ||| qw: Always use a shield: true
     0 | D:1      | 0 ||| qw: God list: Okawaru
     0 | D:1      | 0 ||| qw: Allow faded altars: false
     0 | D:1      | 0 ||| qw: Do Orc after D:15 true
     0 | D:1      | 0 ||| qw: Do second Lair branch before Depths: true
     0 | D:1      | 0 ||| qw: Lair rune preference: random
     0 | D:1      | 0 ||| qw: Plans: Normal
     0 | D:1      | 0 ||| PLANNING D:1-11
    14 | D:1      | 14 ||| INVOKING Spit Poison.
    32 | D:1      | 32 ||| INVOKING Spit Poison.
    68 | D:1      | 68 ||| INVOKING Spit Poison.
   130 | D:1      | 130 ||| INVOKING Spit Poison.
   131 | D:1      | Reached skill level 4 in Ranged Weapons
   131 | D:1      | Reached XP level 2. HP: 26/26 MP: 2/2
   135 | D:1      | 135 ||| INVOKING Spit Poison.
   145 | D:1      | 145 ||| INVOKING Spit Poison.
   191 | D:1      | Found Giygg's Antique Armour Shoppe.
   197 | D:1      | 197 ||| INVOKING Spit Poison.
   200 | D:1      | 200 ||| INVOKING Spit Poison.
   203 | D:1      | 203 ||| INVOKING Spit Poison.
   216 | D:1      | 216 ||| UPGRADING to +0 helmet.
   221 | D:1      | 221 ||| UPGRADING to +1 pair of gloves.
   262 | D:1      | Found Loaruur's Magic Scroll Shop.
   266 | D:1      | Found Cehug's Jewellery Shop.
   270 | D:1      | 270 ||| SHOPLISTING scroll of enchant weapon (105 gold,
                  | have 68).
   270 | D:1      | 270 ||| BUYING scroll of identify (28 gold).
   270 | D:1      | Bought a scroll of identify for 28 gold pieces
   270 | D:1      | 270 ||| BUYING scroll of identify (28 gold).
   270 | D:1      | Bought a scroll of identify for 28 gold pieces
   270 | D:1      | 270 ||| SHOPLISTING scroll of identify (28 gold, have 12).
   276 | D:1      | 276 ||| SHOPLISTING +4 ring of protection (432 gold, have
                  | 12).
   276 | D:1      | 276 ||| SHOPLISTING +6 ring of strength (432 gold, have
                  | 12).
   276 | D:1      | 276 ||| SHOPLISTING amulet of the acrobat (360 gold, have
                  | 12).
   276 | D:1      | 276 ||| SHOPLISTING ring "Lugu" {rElec rN+ MP+9 Str+3
                  | Stlth-} (517 gold, have 12).
   276 | D:1      | 276 ||| SHOPLISTING ring of protection from cold (300 gold,
                  | have 12).
   276 | D:1      | 276 ||| SHOPLISTING ring of protection from fire (300 gold,
                  | have 12).
   276 | D:1      | 276 ||| SHOPLISTING ring of willpower (300 gold, have 12).
   322 | D:1      | 322 ||| INVOKING Spit Poison.
   352 | D:1      | 352 ||| INVOKING Spit Poison.
   468 | D:1      | 468 ||| INVOKING Spit Poison.
   532 | D:1      | 532 ||| INVOKING Spit Poison.
   556 | D:1      | Found Koceufud's Antique Weapon Shop.
   584 | D:1      | Found Edaz's Magic Scroll Boutique.
   589 | D:1      | 589 ||| SHOPLISTING scroll of acquirement (520 gold, have
                  | 12).
   589 | D:1      | 589 ||| SHOPLISTING scroll of identify (20 gold, have 12).
   589 | D:1      | 589 ||| SHOPLISTING scroll of teleportation (30 gold, have
                  | 12).
   589 | D:1      | 589 ||| UPGRADING to ring of positive energy.
   590 | D:1      | 590 ||| READING 2 scrolls labelled ZEISCH UKUMU.
   591 | D:1      | 591 ||| READING scroll labelled HUWEUL KUOGGYR.
   595 | D:1      | 595 ||| READING scroll labelled ALUAPA EPIKKIPH.
   596 | D:1      | 596 ||| READING 2 scrolls of identify.
   596 | D:1      | 596 ||| IDENTIFYING golden potion
   597 | D:1      | 597 ||| DROPPING scroll of revelation.
   598 | D:1      | 598 ||| DROPPING scroll of butterflies.
   599 | D:1      | 599 ||| DROPPING potion of degeneration.
   624 | D:2      | Noticed Natasha
   625 | D:2      | 625 ||| INVOKING Spit Poison.
   626 | D:2      | Noticed Sigmund
   627 | D:2      | Killed Natasha
   628 | D:2      | Reached XP level 3. HP: 32/32 MP: 3/3
   628 | D:2      | 628 ||| INVOKING Spit Poison.
   633 | D:2      | HP: 3/32 [Sigmund/puff of flame (7)]
   639 | D:2      | HP: 3/32 [Sigmund/+0 scythe (2)]
   640 | D:2      | Mangled by Sigmund

Levels and vault maps discovered:
D:1:      psy_arrival_dodecagon, layout_loops_ring, serial_shops, shop, shop,
          nicolae_shop_just_a_little_nook, shop, shop, minmay_liquid_box
D:2:      layout_loops_corners, serial_glass, glass_columns_c, glass_columns_c,
          serial_shops, shop, dreamdust_ecumenical_altar_statues, basic_altar,
          uniq_natasha, uniq_sigmund

Skill      XL: |  1 |
---------------+----+-----
Ranged Weapons | 4 |  4.8
Fighting       | |  2.0
Dodging        | |  1.5
Stealth        | |  1.5

Action                     || total
---------------------------++-------
   Fire: Shortbow          ||    29
Ability: Spit Poison       ||    15
    Use: Scroll            ||     4
 Armour: Leather armour    ||     1
  Dodge: Dodged            ||    11

Table legend:
 A = Non-vault XP
 B = Vault XP
 C = Vault XP percentage of total XP
 D = Non-vault monster count
 E = Vault monster count
 F = Vault count percentage of total count
                 A         B        C        D         E       F
            +---------+---------+-------+---------+---------+-------
      Total |      28 |      35 |  55.6 |      16 |       1 |   5.9
            +---------+---------+-------+---------+---------+-------
        D:1 |      28 |       0 |   0.0 |      16 |       0 |   0.0
        D:2 |       0 |      35 | 100.0 |       0 |       1 | 100.0
            +---------+---------+-------+---------+---------+-------
